Cogmind - Beta 13 @@@ ROGUE MODE // 2024.03.23 @ 17:56:33 Player: Oldman Pu Result: Destroyed by G-47 Trooper with Particle Gun Performance ------------- Evolutions (2) 1000 Regions Visited (3) 600 Robots Destroyed (84) 420 Value Destroyed (2302) 2302 Prototype IDs (6) 120 Alien Tech Used (0) 0 Bonus (235) 235 TOTAL SCORE: 4677 Bonus ------- High Alert Combat Kills 235 Cogmind --------- Core Integrity 0/550 Matter 296/300 Energy 325/325 System Corruption 1% Temperature Cool (31) Movement Rolling (135) Ox3 Location -8/Materials Parts ------- > --- POWER (2) -------- Improved Ion Engine Light Nuclear Core > --- PROPULSION (2) --- Armored Wheel Armored Wheel > --- UTILITY (5) ------ Heat Sink High-capacity Storage Unit Improved Targeting Computer Hardened Heavy Armor Plating > --- WEAPON (2) ------- Improved Medium Laser Enhanced Autogun > --- INVENTORY (20) --- Light Nuclear Core Armored Wheel Armored Wheel Armored Wheel Humpback High-capacity Battery (250) High-capacity Matter Pod (200) Improved Medium Armor Plating Improved Medium Armor Plating Improved Medium Armor Plating Improved Medium Armor Plating Improved Medium Laser Beam Cannon Beam Cannon Enhanced Autogun Enhanced Autogun Enhanced Autogun Enhanced Autogun Peak State ------------ > --- POWER ------------ Improved Ion Engine Light Deuterium Engine > --- PROPULSION ------- Armored Wheel Armored Wheel > --- UTILITY ---------- High-capacity Storage Unit Improved Targeting Computer Hardened Heavy Armor Plating Improved Medium Armor Plating > --- WEAPON ----------- Enhanced Autogun Enhanced Autogun > --- INVENTORY -------- Light Nuclear Core Armored Wheel Armored Wheel Humpback High-capacity Battery High-capacity Matter Pod Improved Medium Armor Plating Improved Medium Armor Plating Improved Medium Armor Plating Improved Medium Laser Improved Medium Laser Improved Medium Laser Advanced Beam Rifle Beam Cannon Beam Cannon Enhanced Autogun Enhanced Autogun Enhanced Autogun [Rating: 37] Favorites ----------- Power Improved Ion Engine Engine Improved Ion Engine Power Core Light Nuclear Core Propulsion Compact Wheel Wheel Compact Wheel Utility Improved Heat Sink Device Improved Heat Sink Storage High-capacity Storage Unit Processor Improved Targeting Computer Protection Heavy Armor Plating Weapon Beam Cannon Energy Gun Improved Medium Laser Energy Cannon Beam Cannon Ballistic Gun Enhanced Autogun Ballistic Cannon Light Cannon Build | -11 -10 -10 -8 ------- Run | Yrd Mat Sub Mat Slots Evolved 4 | . . . 4 Power 1 | . . . 1 Propulsion . | . . . . Utility 3 | . . . 3 Weapon . | . . . . Parts Attached 101 | 6 21 5 69 Power 21 | 1 4 1 15 Engine 19 | 1 4 1 13 Core 2 | . . . 2 Reactor . | . . . . Propulsion 20 | 2 4 . 14 Treads . | . . . . Leg . | . . . . Wheel 20 | 2 4 . 14 Hover . | . . . . Flight . | . . . . Utility 25 | 1 4 . 20 Device 13 | . 3 . 10 Storage 5 | 1 1 . 3 Processor 2 | . . . 2 Hackware . | . . . . Protection 5 | . . . 5 Artifact . | . . . . Weapon 35 | 2 9 4 20 Energy Gun 8 | 1 . . 7 Energy Cannon 17 | . 8 3 6 Ballistic Gun 7 | 1 . . 6 Ballistic Cannon 3 | . 1 1 1 Launcher . | . . . . Special Weapon . | . . . . Impact Weapon . | . . . . Slashing Weapon . | . . . . Piercing Weapon . | . . . . Special Melee Weapon . | . . . . Unidentified Prototypes 4 | . . . 4 Parts Lost 30 | . 2 2 26 Power 7 | . . 1 6 Propulsion 8 | . 2 . 6 Utility 9 | . . . 9 Weapon 6 | . . 1 5 Highest Loss Streak 9 | . 1 2 9 To Critical Strikes . | . . . . Average Slot Usage (%) 94 | . 98 100 91 Engine 14 | . 13 14 15 Wheel 21 | . 27 28 17 Device 13 | . 11 14 14 Storage 13 | . 15 14 11 Processor 3 | . . . 5 Protection 3 | . . . 6 Energy Gun 6 | . 3 . 9 Energy Cannon 11 | . 20 27 3 Ballistic Gun 2 | . . . 4 Ballistic Cannon 1 | . 2 . . Naked Turns . | . . . . Heaviest Build 85 | 11 55 52 85 Greatest Support 32 | 26 32 32 32 Greatest Overweight (x) 6 | . 5 1 6 Average Overweight (x) 2 | . 1 1 2 Largest Inventory Capacity 20 | 8 20 20 20 Average Capacity 19 | 7 19 20 20 Most Carried 20 | . 20 20 20 Average Carried 16 | . 14 19 18 Final Capacity 20 | 8 20 20 20 Final Carried 20 | . 20 20 19 Class Distribution -------------------- 52% | Mutant 47% | Scavenger-Mutant Dominant Class ---------------- Scavenger-Mutant | -10/Materials Scavenger-Mutant | -10/Subcaves Mutant | -8/Materials Resources | -11 -10 -10 -8 ----------- Run | Yrd Mat Sub Mat Matter Collected 2071 | 248 364 53 1406 Remotely 43 | . . . 43 Salvage Created 2954 | . 743 66 2145 Parts 199 | . 52 3 144 Haulers Intercepted 7 | . 1 . 6 Recyclers Shooed 4 | . 2 . 2 Parts Field Recycled . | . . . . Retrieved Matter . | . . . . Parts Self-Destructed . | . . . . Prevented . | . . . . Kills | -11 -10 -10 -8 ------- Run | Yrd Mat Sub Mat Combat Hostiles Destroyed 58 | . 14 2 42 Guns 23 | . 2 . 21 Cannons 34 | . 12 2 20 AOE 1 | . . . 1 Classes Destroyed 12 | . 7 1 4 Worker 5 | . 1 . 4 Builder 4 | . 1 . 3 Hauler 7 | . 1 . 6 Recycler 2 | . 2 . . Operator 2 | . . . 2 Watcher 6 | . 2 . 4 Swarmer 17 | . 3 . 14 Grunt 25 | . 11 . 14 Sentry 10 | . . . 10 Hunter 3 | . . . 3 Heavy 1 | . . . 1 Subdweller 2 | . . 2 . Best Kill Streak 9 | . 4 2 9 Combat Bots Only 7 | . 3 2 7 Max Kills in Single Turn 3 | . 1 1 3 Gunslinging . | . . . . Exploded 1 | . . . 1 Melee . | . . . . Uniques/NPCs Destroyed . | . . . . Combat | -11 -10 -10 -8 -------- Run | Yrd Mat Sub Mat Hostile Shots Fired 392 | . 66 13 313 Missed 110 | . 17 2 91 Damage Taken 4252 | . 555 236 3461 Core 742 | . 142 49 551 Absorbed by Shields . | . . . . Regen/Repaired (Parts) 39 | . 39 . . Core Remaining (%) 61 | 100 . 23 . Volleys Fired 252 | . 60 14 178 Largest 2 | . 2 2 2 Hottest 121 | . 120 120 121 Shots Fired 488 | . 116 27 345 Gun 252 | . 41 . 211 Cannon 236 | . 75 27 134 Launcher . | . . . . Special . | . . . . Kinetic 157 | . 35 1 121 Thermal 331 | . 81 26 224 Explosive . | . . . . Electromagnetic . | . . . . Robot Hit Streak 11 | . 11 3 10 Robot Miss Streak 7 | . 5 2 7 Penetration Max . | . . . . Secondary Targets 2 | . 1 . 1 Max Gunslinging Chain 1 | . 1 . 1 Shots Hit Robots 287 | . 61 6 220 Core Hits 142 | . 28 4 110 Critical Kills 1 | . 1 . . Critical Parts Destroyed . | . . . . Critical Strikes 5 | . 3 . 2 Burn 3 | . 1 . 2 Destroy 1 | . 1 . . Blast 1 | . 1 . . Melee Attacks . | . . . . Impact . | . . . . Slashing . | . . . . Piercing . | . . . . Sneak Attacks . | . . . . Combat Hostiles . | . . . . Follow-up Attacks . | . . . . Damage Inflicted 5518 | . 947 121 4450 Guns 2492 | . 279 . 2213 Cannons 2441 | . 668 121 1652 Explosions 585 | . . . 585 Melee . | . . . . Ramming . | . . . . Kinetic 1669 | . 290 . 1379 Thermal 3763 | . 657 121 2985 Explosive . | . . . . Electromagnetic 86 | . . . 86 Impact . | . . . . Slashing . | . . . . Piercing . | . . . . Highest Corruption 1 | . . . 1 Average Corruption 1 | . . . 1 Corruption Purged . | . . . . Corruption Blocked . | . . . . Overload Shots . | . . . . Overflow Damage 147 | . 9 . 138 Projectiles 34 | . 9 . 25 Explosions 113 | . . . 113 Melee . | . . . . Knockbacks 15 | . 3 . 12 Impact . | . . . . Kinetic 14 | . 2 . 12 Secondary 1 | . 1 . . Self-Inflicted Damage 196 | . . . 196 Shots 6 | . . . 6 Rammed . | . . . . Targets Rammed . | . . . . Kicked . | . . . . Crushed . | . . . . Highest Temperature 384 | . 160 . 384 Average Temperature 99 | . 62 . 111 Received Heat Transfer 1302 | . 267 36 999 Effects 6 | . . . 6 Shutdowns 2 | . . . 2 Energy Bleed 3 | . . . 3 Damage (minor) 1 | . . . 1 Siege Activations . | . . . . Robots Corrupted . | . . . . Combat Hostiles . | . . . . Parts Fried . | . . . . Impact Corruptions . | . . . . Robots Melted . | . . . . Combat Hostiles . | . . . . Parts Melted 14 | . 2 1 11 Heat Transferred 7515 | . 1628 259 5628 Parts Sabotaged . | . . . . Parts Stolen . | . . . . Parts Stripped . | . . . . Power Chain Reactions 3 | . . . 3 Alert | -11 -10 -10 -8 ------- Run | Yrd Mat Sub Mat Peak Influence 809 | . 242 . 809 Initial . | . . . . Average 275 | . 77 . 402 Maximum Alert Level 3 | . 1 . 3 Low Security (%) 44 | 100 91 . 14 Level 1 15 | . 8 . 20 Level 2 36 | . . . 59 Level 3 3 | . . . 5 Level 4 . | . . . . Level 5 . | . . . . High Security . | . . . . Max Security . | . . . . Squads Dispatched 14 | . 4 . 10 Investigation 6 | . 3 . 3 Extermination . | . . . . Reinforcement 5 | . 1 . 4 Assault . | . . . . Garrison 3 | . . . 3 Intercept . | . . . . Searches Triggered . | . . . . Construction Impeded 1 | . . . 1 Haulers Reinforced . | . . . . Active Scanning Responses . | . . . . Cargo Convoy Interrupts . | . . . . Stealth | -11 -10 -10 -8 --------- Run | Yrd Mat Sub Mat Distress Signals 1 | . 1 . . Communications Jammed . | . . . . Distress Signals . | . . . . Times Spotted 86 | . 23 3 60 Peak Tracking Total 7 | . 3 2 7 Tactical Retreats 6 | . 1 . 5 Traps | -11 -10 -10 -8 ------- Run | Yrd Mat Sub Mat Traps Triggered 5 | . 4 . 1 Indirectly . | . . . . Trap Hack Attempts . | . . . . Triggered . | . . . . Disarmed . | . . . . Reprogrammed . | . . . . Reused . | . . . . Traps Extracted . | . . . . Installed . | . . . . Triggered . | . . . . Machines | -11 -10 -10 -8 ---------- Run | Yrd Mat Sub Mat Machines Disabled 10 | . 2 . 8 Max in Single Turn 5 | . 1 . 5 Machines Repaired . | . . . . Machines Dismantled . | . . . . Machines Sabotaged . | . . . . Overloaded Fab Kills . | . . . . Hacking | -11 -10 -10 -8 --------- Run | Yrd Mat Sub Mat Machines Accessed 18 | . 6 . 12 Terminals 13 | . 5 . 8 Fabricators . | . . . . Repair Stations 2 | . 1 . 1 Recycling Units 1 | . . . 1 Scanalyzers 2 | . . . 2 Garrison Access . | . . . . Total Hacks 56 | . 15 . 41 Successful 34 | . 4 . 30 Failed 22 | . 11 . 11 Catastrophic 4 | . 2 . 2 Database Lockouts . | . . . . Manual . | . . . . Terminals 33 | . 12 . 21 Fabricators . | . . . . Repair Stations 8 | . 3 . 5 Recycling Units 1 | . . . 1 Scanalyzers 14 | . . . 14 Garrison Access . | . . . . Terminal Hacks 18 | . 2 . 16 Record 9 | . . . 9 Prototype ID Bank 1 | . . . 1 Emergency Access Points 1 | . 1 . . Locate Traps 4 | . 1 . 3 Dispatch Records 2 | . . . 2 Zone Layout 1 | . . . 1 Fabricator Hacks . | . . . . Repair Station Hacks 4 | . 2 . 2 Scan Component 3 | . 1 . 2 Repair 1 | . 1 . . Recycling Unit Hacks 1 | . . . 1 Report Inventory 1 | . . . 1 Scanalyzer 11 | . . . 11 Insert Component 5 | . . . 5 Analyze 6 | . . . 6 Garrison Access Hacks . | . . . . Unauthorized Hacks . | . . . . Terminals . | . . . . Fabricators . | . . . . Repair Stations . | . . . . Recycling Units . | . . . . Scanalyzers . | . . . . Garrison Access . | . . . . Data Cores Recovered 1 | . . . 1 Used . | . . . . Hacking Detections 13 | . 5 . 8 Full Trace Events 5 | . 2 . 3 Feedback Events 1 | . . . 1 Corruption 1 | . . . 1 Feedback Blocked . | . . . . Robot Schematics Acquired . | . . . . Robots Built . | . . . . Authchips . | . . . . Time . | . . . . Total Robot Build Rating . | . . . . Part Schematics Acquired 4 | . . . 4 Parts Built . | . . . . Authchips . | . . . . Time . | . . . . Total Part Build Rating . | . . . . Parts Repaired 1 | . 1 . . Time 38 | . 38 . . Parts Recycled . | . . . . Recycled Matter . | . . . . Retrieved Matter . | . . . . Retrieved Components . | . . . . Parts Scanalyzed 4 | . . . 4 Part Schematics Acquired 4 | . . . 4 Parts Damaged . | . . . . Bothacking | -11 -10 -10 -8 ------------ Run | Yrd Mat Sub Mat Used RIF Installer . | . . . . Robots Hacked . | . . . . Non-combat . | . . . . Combat . | . . . . Robot Hacks Applied . | . . . . Relay Couplers Released . | . . . . Fabnet Peak Effective % . | . . . . Robots Rewired . | . . . . Allies Hacked . | . . . . Hacks Repelled . | . . . . Allies | -11 -10 -10 -8 -------- Run | Yrd Mat Sub Mat Total Allies . | . . . . Largest Group . | . . . . Highest-Rated Group . | . . . . Highest-Rated Ally . | . . . . Total Orders . | . . . . Ally Attacks . | . . . . Total Damage . | . . . . Kills . | . . . . Allies Corrupted . | . . . . Allies Melted . | . . . . Intel | -11 -10 -10 -8 ------- Run | Yrd Mat Sub Mat Robot Analysis Total . | . . . . Derelict Logs Recovered 3 | . . 3 . Drone Launches . | . . . . Drone Recoveries . | . . . . Exploration | -11 -10 -10 -8 ------------- Run | Yrd Mat Sub Mat Turns Passed 5181 | 43 1870 258 3010 Spaces Moved 2867 | 40 1051 178 1598 Core 4 | 4 . . . Treads . | . . . . Legs . | . . . . Wheels 2863 | 36 1051 178 1598 Hover . | . . . . Flight . | . . . . Fastest Speed 50 | 50 90 115 110 Average Speed 123 | 86 115 115 131 Slowest Speed 180 | 90 155 115 180 Overloaded Moves . | . . . . Propulsion Burnouts . | . . . . Robots Hopped . | . . . . Cave-ins Triggered . | . . . . Exploration Rate (%) 52 | 4 97 14 95 Regions Visited 3 Branch Regions 1 Pre-discovered Areas 1 | . . 1 . Known Exits Taken . | . . . . Unknown Exits Taken 3 | 1 1 1 . Scrap Searched . | . . . . Spaces Dug . | . . . . Terrain Destroyed 43 | . . . 43 Melee . | . . . . Projectile . | . . . . AOE 43 | . . . 43 Terrain Rammed . | . . . . Walls Destroyed . | . . . . Machines Disabled . | . . . . Actions | -11 -10 -10 -8 --------- Run | Yrd Mat Sub Mat Total 4043 | 45 1589 204 2205 Wait 722 | . 431 3 288 Move 2864 | 39 1050 177 1598 Hop . | . . . . Pick Up 63 | . 21 3 39 Fast Attach 25 | 6 10 . 9 Attach 30 | . 2 2 26 Detach 1 | . . . 1 Swap 46 | . 9 3 34 Drop 40 | . 6 2 32 Fire 252 | . 60 14 178 Melee . | . . . . Ram . | . . . . Kick . | . . . . Crush . | . . . . Escape Stasis . | . . . . Rewire . | . . . . Trap . | . . . . Miscellaneous . | . . . . Route ------- -11/Scrapyard -10/Materials (discovered 4 exits: [*Mat x2] / [*Min] / [*Sub]) -10/Subcaves -8/Materials (discovered 3 exits: [*Fac x3]) History --------- Turn | Location | Event 15 | -11/Scrapyard | Discovered new exit (range 15) 44 | -11/Scrapyard | Entered Materials 198 | -10/Materials | Discovered new exit (range 8) 310 | -10/Materials | Build established: Mutant 576 | -10/Materials | Discovered new exit (range 15) 750 | -10/Materials | Discovered new exit (range 7) 862 | -10/Materials | Repaired Imp. Heat Sink 1056 | -10/Materials | Core integrity fell below 50% 1159 | -10/Materials | Build established: Scavenger-Mutant 1906 | -10/Materials | Discovered new exit (range 7) 1914 | -10/Materials | Entered Subcaves 2051 | -10/Subcaves | Learned location of Storage (-7) 2152 | -10/Subcaves | Discovered new exit (range 9) 2170 | -10/Subcaves | Shifting Twisted Machinery released Sub. Machine Gun 2172 | -10/Subcaves | Entered Materials 2172 | -8/Materials | Evolved 4 slots: Power x1, Utility x3 2560 | -8/Materials | Lost 9 parts (2p2n3u2w) 2747 | -8/Materials | Destroyed 7 combat bots 2771 | -8/Materials | Core integrity fell below 50% 2780 | -8/Materials | Lost 8 parts (2n3u3w) 2792 | -8/Materials | Build established: Mutant 2992 | -8/Materials | Discovered new exit (range 15) 3100 | -8/Materials | Build established: Scavenger-Mutant 3170 | -8/Materials | Lost 3 parts (1p2n) 3577 | -8/Materials | Build established: Mutant 3765 | -8/Materials | Discovered new exit (range 16) 4722 | -8/Materials | Core integrity fell below 20% 4962 | -8/Materials | Garrison activated, responded to threat 5178 | -8/Materials | Discovered new exit (range 5) 5182 | -8/Materials | Destroyed by G-47 Trooper with Particle Gun Last Messages --------------- 05041_ Acquired 10 matter. 05074_ Penetrated by Slug. 05079_ Slug penetrates Wall. 05083_ Y-45 Defender suffers critical hit (Burn). 05086_ Y-45 Defender destroyed. 05088_ Slug penetrates Wall. 05095_ Y-45 Defender suffers critical hit (Burn). 05102_ Lgt. Treads melted. 05102_ Y-45 Defender destroyed. 05104_ Slug penetrates Wall. 05110_ Penetrated by Slug. 05114_ Overheating: Imp. Ion Engine damaged (-17). 05115_ Overheating: Energy bleed (-32). 05116_ H-55 Commando destroyed. 05119_ Acquired 52 matter. 05120_ Power failure, Lgt. Nuclear Core shutdown. 05140_ Dropped Imp. Ion Engine. 05141_ Dropped Broken Arm. Wheel. 05146_ Acquired 10 matter. 05178_ EXIT=FOUND Map ----- +----------------------------------------------------+ | | | | | | | | | | | | | | | | | | | | | | | | | | | | | | | | | | | ?????????????############################? | | ????????????# # # #? | | ????????????# """ """ # # """ #? | | ????????????# """ """ "" # # """ #? | | ????????????# """ """ T" # # R" #? | | ????????????# "" # """ #? | | ????????????# # # *%%=## | | ????????????######+###########+######+### | | ????????????# @ o ^*[ =[![= | | ????????????# < ^^=% [% | | ????????????# g=^%*! =[ | | ????????????###########+######+########## | | ???????????????????????????# %[* ######## | | ???????????????????????????# ![ # ! # | | ???????????????????????????# # # | | ???????????????????????????# # """ + | | ???????????????????????????# # """ # | | ???????????????????????????# *= %# """ # | | ???????????????????????????######## =# | | ??????????????????????????????????#== # | | ??????????????????????????????????#== # | | ??????????????????????????????????#= ] # | | ??????????????????????????????????# # | | ??????????????????????????????????# # | | ??????????????????????????????????# # | | ??????????????????????????????????######## | | ????????????????????????????????########## | | ????????????????????????????????# # | | ????????????????????????????????#""" # | | ????????????????????????????????#""" # | | ????????????????????????????????#""" # | | ????????????????????????????????# + | | ?????????????????????##########?# # | +----------------------------------------------------+ Best States ------------- Heat Dissipation 73 Energy Generation 23 Energy Capacity 665 Matter Stores 311 Matter Capacity 500 Sight Range 16 Terrain Scan Density 10 Armor Coverage 825 Evasion (%) 42 Targeting Accuracy 6 Item Schematics ----------------- Arm. Wheel | -8/Materials | Scanalyzed Humpback | -8/Materials | Scanalyzed Imp. Medium Armor Plating | -8/Materials | Scanalyzed Imp. Medium Laser | -8/Materials | Scanalyzed Robot Schematics ------------------ None Fabricated ------------ Nothing Alien Tech Used ----------------- None Achievements -------------- None Challenges ------------ None Game ------ Seed SwarmKineticScreen Manual? 0 Play Time 00:57:36 Cumulative 196.0 hours Start 2024.03.23 @ 16:59:09 End 2024.03.23 @ 17:56:33 Sessions 1 Manual Loads 0 Difficulty Rogue Special Mode None Game No. 142 Rogue 130 Adventurer 12 Explorer 0 Win Type - Total 1 Types 1/0/0/0/0/0/0/0/0 Lore% 26 Gallery% 43 Achievement% 32 Wizard Run 0 Options --------- Layout 1 ASCII 0 Keyboard 0 Movement Mouse Keybinds 0 Fullscreen 1 Font 32/SmallcapsGlow Map View 77x35 Zoom Use 0% Tactical HUD 1 Map Filters NONE Filters NONE Steam 1 RUN: 568ab5c8-22c9-4e38-8a23-15d8c136a974